AoeStats
← attila

Black Forest

505401729Analyzed
3v3 RM · 24d ago on Sep 9, 2026· 49m 1s· 6 players
Game mode
Random Map
Map size
Normal (6 player)
Population
200
Speed
Normal
Resources
Standard
Victory
Conquest
Starting age
Dark Age
Ending age
Imperial Age
RankedLock teamsTeams togetherTeam positionsShared explorationLock speedFull tech treeHidden civsTurbo modeCheats
Victory
Defeat
🇹🇷 Persians · Türkiye
662
+14
🇩🇪 Turks · Germany
592
+17
🇭🇺 Khmer · Hungary
588
+17
🇨🇳 Burmese · China
690
-18
🇰🇷 Jurchens · South Korea
679
-19
🇨🇳 Chinese · China
481
-11
Hamurabi1
0:31 Loom
13:25 Feudal Age
20:14 Castle Age
19:27 Double-Bit Axe
19:27 Horse Collar
19:42 Gold Mining
30:23 Imperial Age
28:22 Bow Saw
28:39 Heavy Plow
29:38 Gold Shaft Mining
30:06 Wheelbarrow
29:21 Town Watch
30:12 Padded Archer Armor
31:09 Leather Archer Armor
32:28 Ring Archer Armor
38:03 Capped Ram
40:14 Fletching
40:44 Stone Mining
42:19 Fortified Wall
42:30 Ballistics
41:52 Treadmill Crane
42:26 Masonry
47:03 Hand Cart
46:59 Town Patrol
46:58 Bodkin Arrow
Kanye Best
0:36 Loom
14:33 Feudal Age
16:44 Double-Bit Axe
20:08 Stone Mining
25:00 Castle Age
23:26 Gold Mining
24:38 Horse Collar
24:57 Fletching
25:53 Heavy Plow
27:54 Bow Saw
28:19 Bodkin Arrow
29:41 Caravan
30:35 Gold Shaft Mining
31:24 Fortified Wall
31:22 Padded Archer Armor
32:45 Stone Shaft Mining
32:28 Leather Archer Armor
32:54 Bloodlines
34:27 Town Watch
34:52 Murder Holes
39:04 Imperial Age
38:04 Ballistics
38:57 Scale Barding Armor
39:17 Masonry
40:24 Crop Rotation
40:59 Chemistry
40:23 Conscription
41:33 Ring Archer Armor
41:01 Cavalier
48:14 Parthian Tactics
attila
11:12 Feudal Age
12:43 Wheelbarrow
12:58 Loom
13:09 Horse Collar
13:56 Double-Bit Axe
15:28 Man-at-Arms
19:45 Gold Mining
19:47 Stone Mining
19:54 Stone Mining
25:37 Castle Age
26:22 Hand Cart
26:56 Bow Saw
27:00 Heavy Plow
27:59 Stone Shaft Mining
28:45 Gold Shaft Mining
28:32 Town Watch
29:44 Pikeman
30:24 Squires
30:10 Gambesons
30:11 Arson
31:21 Bloodlines
31:12 Husbandry
31:33 Town Patrol
32:20 Masonry
32:06 Murder Holes
32:02 Guard Tower
34:24 Murder Holes
34:44 Scale Mail Armor
34:55 Forging
34:35 Fletching
34:46 Padded Archer Armor
37:26 Kamandaran
42:45 Imperial Age
44:36 Capped Ram
44:44 Heavy Camel Rider
44:47 Halberdier
44:56 Crossbowman
45:41 Thumb Ring
45:38 Bodkin Arrow
45:44 Padded Archer Armor
46:00 Chain Mail Armor
45:56 Forging
45:53 Scale Barding Armor
49:25 Architecture
49:57 Chemistry
49:33 Plate Mail Armor
49:40 Iron Casting
49:21 Leather Archer Armor
明君
11:29 Feudal Age
18:48 Castle Age
17:01 Man-at-Arms
28:59 Horse Collar
29:05 Double-Bit Axe
29:36 Gold Mining
29:37 Stone Mining
33:05 Imperial Age
33:14 Wheelbarrow
34:21 Theocracy
33:14 Pikeman
33:59 Halberdier
35:04 Bloodlines
34:54 Husbandry
37:28 Hand Cart
38:16 Fortified Bastions
38:57 Fervor
38:45 Elite Iron Pagoda
41:21 Forging
41:16 Scale Barding Armor
932618016
1:01 Loom
16:53 Feudal Age
17:25 Horse Collar
17:41 Double-Bit Axe
22:11 Stone Mining
22:13 Gold Mining
28:25 Castle Age
31:44 Gold Shaft Mining
31:45 Stone Shaft Mining
31:12 Heavy Plow
31:27 Bow Saw
32:31 Thumb Ring
32:17 Crossbowman
36:28 Arson
36:44 Squires
36:04 Pikeman
40:25 Imperial Age
41:23 Masonry
41:24 Fortified Wall
41:35 Ballistics
41:29 Masonry
42:00 Conscription
43:49 Great Wall
43:10 Elite Chu Ko Nu
43:21 Elite Chu Ko Nu
44:49 Padded Archer Armor
44:50 Scale Mail Armor
45:01 Forging
44:41 Fletching
Noob.
0:36 Loom
14:57 Feudal Age
16:11 Man-at-Arms
18:38 Forging
18:29 Scale Mail Armor
18:26 Arson
18:44 Horse Collar
24:31 Stone Mining
27:28 Castle Age
27:07 Scale Barding Armor
26:58 Gold Mining
28:52 Wheelbarrow
30:59 Heavy Plow
33:40 Fortified Wall
33:10 Treadmill Crane
33:46 Fortified Wall
35:12 Husbandry
35:23 Bloodlines
36:05 Chain Barding Armor
37:29 Iron Casting
Connection lost

Rejoining the realm…

Still unreachable

The connection could not be restored.

Session expired

The server has moved on; the page needs a fresh start.